 Dungeon Crawl Stone Soup version 0.23-a0-358-g98c7a59 (webtiles) character file.

8 galech the Skirmisher (level 2, 23/24 HPs)
             Began as a Demonspawn Fighter on Oct 22, 2018.
             Quit the game on level 1 of the Dungeon.
             The game lasted 00:00:18 (219 turns).

galech the Skirmisher (Demonspawn Fighter)           Turns: 219, Time: 00:00:18

Health: 23/24      AC:  6    Str: 16    XL:     2   Next: 0%
Magic:  2/2        EV:  6    Int:  9    God:
Gold:   53         SH:  8    Dex: 12    Spells: 1/1 levels left

rFire    . . .     SeeInvis .   a - +0 war axe
rCold    . . .     Gourm    .   c - +0 shield
rNeg     . . .     Faith    .   b - +0 scale mail
rPois    .         Spirit   .   (no helmet)
rElec    .         Reflect  .   (no cloak)
rCorr    .         Harm     .   (no gloves)
MR       .....                  (no boots)
Stlth    ..........             (no amulet)
HPRegen  0.08/turn              (no ring)
MPRegen  0.08/turn              (no ring)

@: no status effects
A: hooves 1
a: no special abilities


You were on level 1 of the Dungeon.
You were not hungry.

You visited 1 branch of the dungeon, and saw 1 of its levels.

You collected 53 gold pieces.

Inventory:

Hand Weapons
 a - a +0 war axe (weapon)
Armour
 b - a +0 scale mail (worn)
 c - a +0 shield (worn)
Potions
 d - a potion of might
 e - 2 potions of curing {unknown}
 g - a potion of ambrosia {unknown}
 h - a potion of haste {unknown}
Comestibles
 f - 2 rations
 i - 5 chunks of flesh


   Skills:
 + Level 3.1 Fighting
 + Level 1.9 Axes
 + Level 2.8 Armour
 + Level 2.8 Shields


You had one spell level left.
You didn't know any spells.
Your spell library was empty.

Dungeon Overview and Level Annotations

Branches:
Dungeon (1/15)

Altars:


Innate Abilities, Weirdness & Mutations

You have large cloven feet.


Message History

There is an open door here.
You enter a teleport trap!
The teleport trap disappears.
Your surroundings suddenly seem different.
A rat and a kobold come into view.
The kobold throws a stone.
The stone hits you but does no damage.
Found 16 stones and a bubbling green potion.
You see here a stone.
A frilled lizard comes into view.
The frilled lizard hisses angrily.
The kobold throws a stone.
You block the stone. The rat barely misses you.
You see here a stone.
You barely miss the rat. The rat closely misses you.
The rat bites you but does no damage. The kobold hits you but does no damage.
You slash the rat!
You kill the rat!
You have reached level 2!
Your demonic ancestry asserts itself...
Your feet thicken and deform.
You hit the kobold. The kobold hits you.
Are you sure you want to abandon this character and quit the game? (Confirm

#......#.⌠...⌠.#...........
#......#.....÷.#...........
#####......'...⌠...'..........(
#..........#.......#.....#.....
#.##########.⌠...⌠.#........###
... #.......#.........##
....####+####.........#.
......(..# #............
......†@(# #####.......#
.......K.# #........#.#
.........# #.##§§#.##§§
...l≈##### ####.≈≈≈≈§≈≈ ....≈
#..§.≈§..... .!..
###.≈≈≈≈.##### ... #.#...≈§....
### #.#.≈≈§§########
#...§.§.........


You could see a kobold and a frilled lizard.

Vanquished Creatures
  A bat (D:1)
  2 giant cockroaches (D:1)
  A goblin (D:1)
  A hobgoblin (D:1)
  A ball python (D:1)
  A rat (D:1)
7 creatures vanquished.

Notes
Turn   | Place    | Note
-------+----------+-------------------------------------------
     0 | D:1      | galech the Demonspawn Fighter began the quest for the Orb.
     0 | D:1      | Reached XP level 1. HP: 18/18 MP: 1/1
   218 | D:1      | Gained mutation: You have large cloven feet. [demonic
                  | ancestry]
   218 | D:1      | Reached XP level 2. HP: 24/24 MP: 2/2
   219 | D:1      | Quit the game

Vault maps used:
D:1:      psy_arrival_radial02, minmay_misc_feat_plants, minmay_fountain_box,
          minmay_misc_feat_cross

Action                   || total
-------------------------++-------
Melee: War axe           ||    15
Armor: Scale mail        ||    10
Dodge: Dodged            ||     9
Block: Shield            ||     6

Table legend:
 A = Non-vault XP
 B = Vault XP
 C = Vault XP percentage of total XP
 D = Non-vault monster count
 E = Vault monster count
 F = Vault count percentage of total count
                 A         B        C        D         E       F
            +---------+---------+-------+---------+---------+-------
      Total |      12 |       0 |   0.0 |       7 |       0 |   0.0
            +---------+---------+-------+---------+---------+-------
        D:1 |      12 |       0 |   0.0 |       7 |       0 |   0.0
            +---------+---------+-------+---------+---------+-------
